 Dungeon Crawl Stone Soup version 0.30.1-11-g7821555f0a (webtiles) character file.

Game seed: 5956570083612154957

925737 Lutefisk the Meteorologist (level 27, -24/150 (173) HPs)
             Began as a Tengu Air Elementalist on Dec 10, 2023.
             Was an Initiate of Gozag.
             Killed from afar by a Hell Sentinel (49 damage)
             ... with damnation
             ... in the Vestibule of Hell on Dec 14, 2023.
             The game lasted 08:06:50 (43240 turns).

Lutefisk the Meteorologist (TeAE)                  Turns: 43240, Time: 08:07:00

HP:   -24/150 (173) AC:  8    Str:  8 (12) XL:     27
MP:   42/46         EV: 43    Int: 21      God:    Gozag
Gold: 11704         SH: 20    Dex: 29      Spells: 5/62 levels left

rFire   + + +        j - staff of air "Netougen" {rElec rPois rC+ rN+ SInv}
rCold   + . .        u - +4 kite shield {rN+}
rNeg    + + +        T - +4 troll leather armour
rPois   +            (helmet restricted)
rElec   +            K - +2 cloak {Will+}
rCorr   +            p - +0 pair of fencer's gloves {Riposte Dex+3}
SInv    +            (boots unavailable)
Will    +++..        U - amulet of Vitality {RegenMP++ Regen++}
Stlth   +++++        s - ring of Lifefaom {rPois rN+ rCorr Str-2}
HPRegen 2.85/turn    S - ring of Xom's Bemusement {Drain Fly rF+++ Str+3 Dex+5}
MPRegen 1.10/turn

%: no passive effects
@: corroded, gold aura, flying quickly and evasively, studying Unarmed Combat,
heavily drained, quick
A: beak, talons 3, nimble flight, mutation resistance 1
}: 12/15 runes: serpentine, barnacled, slimy, silver, obsidian, icy, abyssal,
demonic, glowing, magical, fiery, dark
a: Renounce Religion, Potion Petition, Call Merchant, Bribe Branch


You were in the Vestibule of Hell.
You worshipped Gozag.
Gozag was extremely pleased with you.
You visited 15 branches of the dungeon, and saw 71 of its levels.
You visited Pandemonium 2 times, and saw 20 of its levels.
You visited the Abyss 2 times.
You also visited: Sewer, Gauntlet and Ice Cave.

You collected 28794 gold pieces.
You spent 3679 gold pieces at shops.
You paid 13411 gold pieces to Gozag.

Inventory:

Hand Weapons
 M - the +8 scimitar of Bodily Harmony {flame, rC+ Will+}
   (You found it in a Gauntlet)

   rC:        It protects you from cold.
   Will:      It increases your willpower.
Missiles
 Q - 11 curare-tipped darts (quivered)
Armour
 p - the +0 pair of fencer's gloves (worn) {Riposte Dex+3}
   (You found it on level 10 of the Dungeon)

   Riposte:   It allows the wearer to riposte with melee weapons, swiftly
   retaliating against missed or blocked melee attacks.
   Dex:       It affects your dexterity (+3).
 u - a +4 kite shield of positive energy (worn)
 A - the +5 Storm Queen's Shield {shock, Fly rElec}
   (You found it on level 7 of Gehenna)

   Shock:     When it blocks an attack, it may electrocute the attacker.
   This works even against foes who are a short distance away.
   rElec:     It insulates you from electricity.
   Fly:       It grants you flight.
 K - a +2 cloak of willpower (worn)
 T - a +4 troll leather armour (worn)
Magical Staves
 j - the staff of air "Netougen" (weapon) {rElec rPois rC+ rN+ SInv}
   (You found it in Pandemonium)

   [staff of air]

   Base accuracy: +5 Base damage: 5 Base attack delay: 1.2 This weapon's minimum
   attack delay (0.6) is reached at skill level 12.
   rC:        It protects you from cold.
   rElec:     It insulates you from electricity.
   rPois:     It protects you from poison.
   rN:        It protects you from negative energy.
   SInv:      It lets you see invisible.
   It falls into the 'Staves' category.
   It is a one-handed weapon.
 w - the staff of death "Giec" {rF+++ rC+ rN+ Str-4 Dex+4}
   (You found it in Pandemonium)

   [staff of death]

   Base accuracy: +5 Base damage: 5 Base attack delay: 1.2 This weapon's minimum
   attack delay (0.6) is reached at skill level 12.
   Str:       It affects your strength (-4).
   Dex:       It affects your dexterity (+4).
   rF:        It renders you almost immune to fire.
   rC:        It protects you from cold.
   rN:        It protects you from negative energy.
   It falls into the 'Staves' category.
   It is a one-handed weapon.
Jewellery
 s - the ring of Lifefaom (left hand) {rPois rN+ rCorr Str-2}
   (You bought it in a shop on level 3 of the Depths)

   [ring of resist corrosion]

   Str:       It affects your strength (-2).
   rPois:     It protects you from poison.
   rN:        It protects you from negative energy.
   rCorr:     It protects you from acid and corrosion.
 H - an amulet of regeneration
 J - an amulet of the acrobat
 L - the ring "Raib" {rPois Dex+2 SInv}
   (You bought it in a shop on level 2 of the Dungeon)

   [ring of see invisible]

   Dex:       It affects your dexterity (+2).
   rPois:     It protects you from poison.
   SInv:      It lets you see invisible.
 O - the amulet "Raujamn" {Reflect Rampage Will++ Str-4 SH+5 SInv}
   (You took it off a deep elf annihilator on level 3 of the Elven Halls)

   [amulet of reflection]

   It reflects blocked missile attacks.
   Str:       It affects your strength (-4).
   SInv:      It lets you see invisible.
   SH:        It affects your SH (+5).
   Rampage:   It bestows one free step when moving towards enemies.
   Will:      It greatly increases your willpower.
 P - a +5 ring of evasion
 S - the ring of Xom's Bemusement (right hand) {Drain Fly rF+++ Str+3 Dex+5}
   (You found it on level 5 of the Pits of Slime)

   [ring of flight]

   Str:       It affects your strength (+3).
   Dex:       It affects your dexterity (+5).
   rF:        It renders you almost immune to fire.
   Fly:       It grants you flight.
   Drain:     It drains your maximum health when unequipped.
 U - the amulet of Vitality (around neck) {RegenMP++ Regen++}
   (You took it off an ironbound preserver on level 5 of the Vaults)

   [amulet of magic regeneration]

   It increases your rate of magic regeneration.
   Regen:     It increases your rate of health regeneration.
 X - a ring of protection from cold
 Y - the ring "Ecyekhlen" {rPois rF- rCorr Str+6 Slay+5}
   (You took it off a deep elf high priest on level 5 of the Vaults)

   [ring of strength]

   Str:       It affects your strength (+6).
   Slay:      It affects your accuracy & damage with ranged weapons and melee
   (+5).
   rF:        It makes you vulnerable to fire.
   rPois:     It protects you from poison.
   rCorr:     It protects you from acid and corrosion.
Wands
 a - a wand of paralysis (28)
 n - a wand of digging (23)
 B - a wand of light (31)
 E - a wand of flame (14)
 R - a wand of roots (55)
 W - a wand of mindburst (58)
Scrolls
 c - 15 scrolls of teleportation
 f - 4 scrolls of vulnerability
 h - 10 scrolls of fear
 k - 3 scrolls of magic mapping
 m - 10 scrolls of immolation
 q - 3 scrolls of blinking
 r - 12 scrolls of poison
 t - 6 scrolls of fog
 G - a scroll of amnesia
 I - 8 scrolls of enchant weapon
Potions
 b - 3 potions of magic
 d - 8 potions of brilliance
 e - 9 potions of heal wounds
 g - 9 potions of haste
 l - 3 potions of berserk rage
 v - 3 potions of invisibility
 x - 5 potions of ambrosia
 C - 16 potions of curing
 D - 13 potions of might
 F - 12 potions of mutation
 N - 11 potions of lignification
 V - 3 potions of resistance
 Z - 9 potions of attraction
Miscellaneous
 i - a phantom mirror
 o - a phial of floods
 y - a box of beasts
 z - a condenser vane


   Skills:
 - Level 18.0 Fighting
 - Level 6.0 Staves
 - Level 2.0 Throwing
 - Level 15.0 Armour
 - Level 25.0 Dodging
 - Level 9.0 Stealth
 * Level 13.1 Shields
 - Level 18.0 Spellcasting
 - Level 26.0 Conjurations
 - Level 15.0 Necromancy
 - Level 12.0 Transmutations
 - Level 5.0 Fire Magic
 O Level 27 Air Magic
 - Level 10.0 Evocations


You had 5 spell levels left.
You knew the following spells:

 Your Spells              Type           Power      Damage    Failure   Level
a - Shock                 Conj/Air       100%       1d9       0%          1
b - Static Discharge      Conj/Air       100%       2-7/arc   0%          2
c - Swiftness             Air            100%       N/A       0%          3
d - Airstrike             Air            57%        2d(9-25)  0%          4
e - Plasma Beam           Fire/Air       46%        2x1d66    2%          6
f - Mephitic Cloud        Conj/Pois/Air  96%        N/A       1%          3
g - Arcjolt               Conj/Air       57%        1d67      0%          5
h - Freezing Cloud        Conj/Ice/Air   48%        6-21      1%          5
i - Maxwell's Capacitive  Air            57%        ∞         1%          8
j - Orb of Destruction    Conj           45%        9d12      1%          7
k - Chain Lightning       Conj/Air       57%        3d76      19%         9
l - Summon Lightning Spi  Summ/Air       85%        N/A       1%          4

Your spell library contained the following spells:

 Spells                   Type           Power      Damage    Failure   Level
 Magic Dart               Conj           100%       1d8       0%          1
 Searing Ray              Conj           100%       2d8       0%          2
 Iskenderun's Battlesphe  Conj           91%        2d14      0%          5
 Beastly Appendage        Tmut           100%       N/A       1%          1
 Foxfire                  Conj/Fire      100%       2x1d9     1%          1
 Passwall                 Tmut/Erth      36%        N/A       1%          2
 Poisonous Vapours        Pois/Air       100%       N/A       1%          2
 Scorch                   Fire           78%        2d8       1%          2
 Sublimation of Blood     Necr           69%        N/A       1%          2
 Wereblood                Tmut           62%        N/A       1%          2
 Dazzling Flash           Conj/Hex       100%       N/A       1%          3
 Hailstorm                Conj/Ice       65%        3d14      1%          3
 Stone Arrow              Conj/Erth      100%       3d13      1%          3
 Vampiric Draining        Necr           69%        2d10      1%          3
 Vhi's Electric Charge    Tloc/Air       100%       N/A       1%          3
 Flame Wave               Conj/Fire      71%        2d16      1%          4
 Fulminant Prism          Conj/Hex       32%        3d16      1%          4
 Sticky Flame             Conj/Fire      71%        2d8       1%          4
 Agony                    Necr           69%        N/A       1%          5
 Blade Hands              Tmut           31%        N/A       1%          5
 Fireball                 Conj/Fire      35%        3d15      1%          5
 Irradiate                Conj/Tmut      39%        3d24      1%          5
 Silence                  Hex/Air        42%        N/A       1%          5
 Spider Form              Tmut/Pois      44%        N/A       2%          3
 Ignite Poison            Fire/Tmut/Pois 42%        N/A       3%          3
 Anguish                  Hex/Necr       25%        N/A       4%          4
 Ice Form                 Ice/Tmut       44%        N/A       9%          4
 Petrify                  Tmut/Erth      44%        N/A       9%          4
 Apportation              Tloc           36%        N/A       10%         1
 Freeze                   Ice            72%        1d8       10%         1
 Sandblast                Erth           36%        2d10      10%         1
 Slow                     Hex            72%        N/A       10%         1
 Inner Flame              Hex/Fire       29%        N/A       11%         3
 Volatile Blastmotes      Fire/Tloc      58%        2d14      11%         3
 Borgnjor's Vile Clutch   Necr/Erth      25%        N/A       13%         5
 Blink                    Tloc           36%        N/A       16%         2
 Call Imp                 Summ           36%        N/A       16%         2
 Ensorcelled Hibernation  Hex/Ice        36%        N/A       16%         2
 Alistair's Intoxication  Tmut/Pois      29%        N/A       24%         5
 Yara's Violent Unravell  Hex/Tmut       22%        3d10      24%         5
 Call Canine Familiar     Summ           18%        N/A       30%         3
 Confusing Touch          Hex            18%        N/A       30%         3
 Frozen Ramparts          Ice            36%        1d6       30%         3
 Gell's Gravitas          Tloc           18%        N/A       30%         3
 Ozocubu's Armour         Ice            18%        N/A       30%         3
 Portal Projectile        Hex/Tloc       36%        N/A       30%         3
 Teleport Other           Tloc           18%        N/A       30%         3
 Leda's Liquefaction      Hex/Erth       9%         N/A       69%         4
 Manifold Assault         Tloc           18%        N/A       69%         4
 Olgreb's Toxic Radiance  Pois           18%        N/A       69%         4
 Passage of Golubria      Tloc           18%        N/A       69%         4
 Summon Ice Beast         Ice/Summ       18%        N/A       69%         4
 Lee's Rapid Deconstruct  Erth           9%         3d7*      95%         5
 Summon Forest            Summ/Tloc      9%         N/A       95%         5
 Summon Mana Viper        Hex/Summ       18%        N/A       95%         5
 Conjure Ball Lightning   Conj/Air       57%        3x3d21    1%          6
 Starburst                Conj/Fire      35%        6d10      2%          6
 Storm Form               Tmut/Air       50%        N/A       2%          7
 Death Channel            Necr           34%        N/A       3%          6
 Iron Shot                Conj/Erth      32%        9d7       8%          6
 Spellforged Servitor     Conj/Summ      32%        N/A       38%         7
 Eringya's Noxious Bog    Tmut/Pois      22%        N/A       78%         6
 Borgnjor's Revivificati  Necr           34%        N/A       80%         8
 Infestation              Necr           34%        N/A       80%         8
 Necromutation            Tmut/Necr      33%        N/A       95%         8
 Lehudib's Crystal Spear  Conj/Erth      32%        10d8      97%         8
 Haunt                    Necr/Summ      25%        N/A       98%         7
 Dispersal                Tloc           9%         N/A       100%        6
 Summon Cactus Giant      Summ           9%         N/A       100%        6
 Enfeeble                 Hex            9%         N/A       100%        7
 Malign Gateway           Summ/Tloc      9%         N/A       100%        7
 Monstrous Menagerie      Summ           9%         N/A       100%        7
 Ozocubu's Refrigeration  Ice            9%         4d9       100%        7
 Disjunction              Tloc           9%         N/A       100%        8
 Summon Horrible Things   Summ           9%         N/A       100%        8
 Death's Door             Necr           34%        N/A       100%        9
 Animate Dead             Necr           Unusable   N/A       N/A         4
 Simulacrum               Ice/Necr       Unusable   N/A       N/A         6

Dungeon Overview and Level Annotations

Branches:
Dungeon (15/15)            Temple (1/1) D:5            Lair (5/5) D:11
 Shoals (4/4) Lair:2        Snake (4/4) Lair:3        Slime (5/5) Lair:5
    Orc (2/2) D:10            Elf (3/3) Orc:2        Vaults (5/5) D:14
 Depths (4/4) D:15           Hell (1/1)                 Dis (3/7) Hell
    Geh (7/7) Hell            Coc (7/7) Hell            Tar (0/7) Hell
    Zot (5/5) Depths:4      Sewer (visited)           IceCv (visited)
Gauntlet (visited)
  Crypt: Vaults:2-3

Altars:
Ashenzari
Cheibriados
Dithmenos
Elyvilon
Fedhas
Gozag
Hepliaklqana
Kikubaaqudgha
Makhleb
Nemelex Xobeh
Okawaru
Qazlal
Ru
Sif Muna
Trog
Uskayaw
Vehumet
Wu Jian
Xom
Yredelemnul
Zin
The Shining One
Jiyva

Shops:
D:2 [=*:   D:6 !   D:8 *   D:10 [   Orc:2 ([[(   Elf:2 ?((   Elf:3 =
Slime:5 *   Vaults:2 ?   Vaults:4 :   Vaults:5 =   Zot:1 ?   Depths:3 =

Portals:
Hell: Depths:1 Depths:2 Depths:3 Depths:4
Abyss: Depths:4
Pandemonium: Depths:1 Depths:4

Annotations:
D:5 Duvessa; Sigmund
Shoals:2 Ilsuiw
Snake:2 Saint Roka


Innate Abilities, Weirdness & Mutations

You have a beak for a mouth.
You have claws for feet.
Your magical nature lets you fly swiftly and evasively.
You are somewhat resistant to further mutation.


Message History

The caustic shrike claws you!! The acid corrodes you!
You are splashed with acid.
You resist.
The caustic shrike completely misses you.
You riposte.
You barely miss the caustic shrike. Your kick misses the caustic shrike.
You peck the caustic shrike, but do no damage.
The caustic shrike is moderately wounded.
You block the caustic shrike's attack. The caustic shrike misses you.
The caustic shrike completely misses you.
You riposte.
You hit the caustic shrike but do no damage.
The caustic shrike is electrocuted.
You claw the caustic shrike, but do no damage.
Your peck misses the caustic shrike.
The caustic shrike is almost dead.
You block the caustic shrike's attack. You block the caustic shrike's attack.
The caustic shrike claws you!!
* * * LOW HITPOINT WARNING * * *
You are splashed with acid.
You resist.
* * * LOW HITPOINT WARNING * * *
The caustic shrike completely misses you.
The caustic shrike claws you!!
* * * LOW HITPOINT WARNING * * *
You are splashed with acid.
You resist.
* * * LOW HITPOINT WARNING * * *
You block the caustic shrike's attack.
You riposte.
You closely miss the caustic shrike. Your kick misses the caustic shrike.
You peck the caustic shrike, but do no damage.
The caustic shrike is almost dead.
The caustic shrike completely misses you.
You block the Hell Sentinel's attack. The Hell Sentinel closely misses you.
You fly up through the gate.
Welcome back to the Vestibule of Hell!
There is a gateway to the Iron City of Dis here.
Blink to where?
Press: ? - help, Dir - move target
As you read the scroll of blinking, it crumbles to dust.
The Hell Sentinel gestures at you.
The sphere of damnation explodes!
The damnation engulfs you!!!
You die...
Your body crumbles into a pile of gold.

. . ##.##.. #....
..##.#bbb#.##.....
.#...##1##...#........
....#.#'#.#....##..........
.#...............#...........
..............................
.....##...#.#...##.............
.......#.........#..............
...............@................
.........##...##................
...........#...#.................
.................................
.................................
................................§
............................)...§
...................$...........≈§
.............#..$..............≈.


You could see a Hell Sentinel and 2 caustic shrikes.

Vanquished Creatures
  Cerebov (Pan)
  Asmodeus (Geh:7)
  Antaeus (Coc:7)
  the Royal Jelly (Slime:5)
  A seraph (Pan)
  Mnoleg (Pan)
  Lom Lobon (Pan)
  6 orbs of fire (Zot:5)
  2 dread liches
  5 ancient liches
  A juggernaut (Depths:3)
  Mara (Vaults:4)
  A pandemonium lord (Pan)
  2 Killer Klowns
  Margery (Depths:3)
  16 shard shrikes
  A curse toe (Zot:2)
  2 caustic shrikes (Dis:3)
  7 golden dragons
  Geryon (Hell)
  An iron giant (Dis:1)
  4 electric golems
  13 tentacled monstrosities
  6 Brimstone Fiends
  3 Hell Sentinels
  22 Orb Guardians
  10 hellephants
  13 titans
  10 Ice Fiends
  4 quicksilver dragons
  2 deep elf blademasters (Elf:3)
  5 liches
  A kraken (Shoals:1)
  2 deep elf master archers (Elf:3)
  17 searing wretches
  Polyphemus (Shoals:2)
  An eldritch tentacle (Pan)
  15 acid blobs
  Frances (Shoals:2)
  5 ancient champions
  3 death cobs
  Agnes (D:15)
  20 Executioners (Pan)
  5 tentacled starspawn (Abyss:3)
  4 sphinxes
  3 tengu reavers
  9 storm dragons
  7 shadow dragons
  5 draconian monks
  3 daevas
  A draconian knight (Zot:1)
  4 demonspawn warmongers (Pan)
  17 fire giants
  9 rockslimes
  5 azure jellies
  7 nagarajas (Snake:4)
  5 narguns
  6 frost giants
  3 deep elf sorcerers (Elf:3)
  5 iron dragons
  5 draconian scorchers
  25 balrugs
  6 deep elf elementalists (Elf:3)
  8 vault wardens
  2 curse skulls (Pan)
  2 ghost moths
  5 shard shrike simulacra
  5 spectral caustic shrikes (Depths:3)
  An orc warlord (Vaults:2)
  9 angels (Pan)
  6 draconian stormcallers
  5 draconian shifters
  7 cacodemons
  17 ironbound preservers
  8 reapers
  2 caustic shrike zombies
  5 war gargoyles
  3 demonspawn blood saints (Pan)
  A spriggan defender (Depths:3)
  3 caustic shrike skeletons (Pan)
  A stone giant (shapeshifter) (Vaults:5)
  4 draconian annihilators
  10 stone giants
  5 demonspawn corrupters (Pan)
  3 apis (Pan)
  7 quicksilver oozes
  A juggernaut skeleton (Pan)
  8 ophanim (Pan)
  9 green draconians
  3 ironbound thunderhulks
  4 vampire knights
  23 very ugly things
  8 deep elf demonologists
  7 demonspawn black suns (Pan)
  8 yellow draconians
  8 deep elf annihilators (Elf:3)
  13 elemental wellsprings
  11 purple draconians
  8 black draconians
  A bunyip (shapeshifter) (Vaults:5)
  6 white draconians
  3 spark wasps (Depths:3)
  10 red draconians
  6 lorocyprocas (Pan)
  7 blizzard demons
  A minotaur (Gauntlet)
  9 wendigos
  5 iron golems
  A crystal guardian (Vaults:4)
  8 ettins
  A merfolk javelineer (Shoals:4)
  7 fire dragons
  8 deep elf death magi
  5 merfolk impalers
  An entropy weaver (shapeshifter) (Abyss:3)
  2 entropy weavers
  5 green deaths (Pan)
  Josephine (D:10)
  16 yaktaur captains
  3 deep elf high priests
  A kraken zombie (Hell)
  3 great orbs of eyes
  A peacekeeper (Vaults:4)
  3 ice dragons
  2 rakshasas
  5 catoblepae
  3 hell beasts
  7 hydras
  6 juggernaut simulacra
  13 salamander tyrants
  3 merfolk avatars
  9 anacondas (Snake:3)
  10 caustic shrike simulacra
  28 vault guards
  12 stokers
  5 ironbound frosthearts
  An alligator snapping turtle (Shoals:4)
  7 ogre magi
  5 spriggan air magi
  4 boulder beetles
  A jorogumo (shapeshifter) (Vaults:5)
  21 two-headed ogres
  2 satyrs (Shoals:4)
  2 merfolk aquamancers (Shoals:4)
  6 dancing weapons
  3 tengu warriors
  13 centaur warriors
  12 death yaks
  3 deep troll shamans
  13 naga warriors
  4 deep troll earth magi
  A vampire mage (D:15)
  2 thrashing horrors (Abyss:3)
  11 naga sharpshooters
  53 hell hogs
  10 hell knights
  23 soul eaters
  33 sun demons
  4 spriggan berserkers
  5 shock serpents
  A titan zombie (D:15)
  7 deep elf knights
  Urug (D:10)
  4 skysharks
  2 crystal echidnas (Dis:2)
  The ghost of auo the Basher, a novice MiFi of Okawaru (D:7)
  9 iron trolls
  6 spriggans
  Amaemon (D:10)
  4 salamander mystics (Snake:4)
  4 skeletal warriors
  11 sixfirhies
  4 wretched stars (Abyss:3)
  A spark wasp zombie (D:15)
  2 anaconda zombies (Hell)
  2 glowing orange brains
  11 shadow wraiths
  10 cherubim (Pan)
  10 quicksilver dragon simulacra
  7 sea snakes
  6 shadow demons
  43 deep trolls
  10 wizards
  2 swamp dragons (Abyss:3)
  7 lindwurms
  5 naga ritualists
  13 phantasmal warriors
  6 orc knights
  A spriggan simulacrum (Coc:1)
  An anaconda skeleton (Hell)
  7 deep elf archers
  20 harpies
  9 ironbound convokers
  9 necromancers
  18 deep elf pyromancers
  Pikel (D:7)
  7 mana vipers
  A bunyip skeleton (Hell)
  2 shining eyes
  23 deep elf zephyrmancers
  An oklob plant (Lair:4)
  A stone giant zombie (D:15)
  13 fauns
  A wolf spider (D:11)
  8 starcursed masses (Abyss:3)
  27 ugly things
  14 cyclopes
  2 orc sorcerers
  12 salamanders
  8 elephants (Lair:5)
  17 manticores
  An iron dragon skeleton (Pan)
  13 moths of wrath
  22 merfolk sirens
  3 ice statues
  2 water nymphs (shapeshifter) (Vaults:5)
  30 black mambas
  3 eyes of devastation
  15 naga magi
  2 titan simulacra
  An elf zombie (Vaults:2)
  13 rust devils
  A demonic crawler (Hell)
  4 water nymphs
  2 guardian serpents (Snake:4)
  16 vault sentinels
  3 gargoyles
  A torpor snail (Gauntlet)
  7 cane toads
  8 orange demons
  14 smoke demons
  A centaur skeleton (Hell)
  19 hellions
  5 kobold demonologists
  3 unseen horrors
  2 molten gargoyles (Hell)
  7 freezing wraiths
  7 komodo dragons
  A sea snake zombie (Hell)
  12 ice devils
  7 efreet (Pan)
  A guardian mummy (D:15)
  22 yaktaurs
  A bunyip simulacrum (Hell)
  10 tormentors
  2 golden dragon simulacra
  An iron giant simulacrum (Coc:5)
  5 harpy zombies (Shoals:2)
  A yaktaur skeleton (Vaults:2)
  11 trolls
  28 merfolk
  3 anaconda simulacra
  A hydra zombie (Hell)
  6 red devils
  A polar bear (Lair:2)
  7 wind drakes
  A wind drake (shapeshifter) (Elf:1)
  13 hellwings (Pan)
  Prince Ribbit (Lair:3)
  11 hornets
  2 iron dragon simulacra
  19 snapping turtles
  9 dream sheep
  26 blink frogs
  52 slime creatures
  A human simulacrum (Coc:1)
  2 air elementals (Elf:2)
  A culicivora (Vaults:1)
  5 ynoxinuls
  2 shadows
  A fire dragon skeleton (Hell)
  3 naga simulacra
  9 wraiths
  A yak (shapeshifter) (Elf:3)
  An alligator skeleton (Hell)
  A vampire (D:12)
  5 dire elephant simulacra
  3 basilisks
  59 yaks
  9 wyverns
  2 slime creatures (shapeshifter) (Depths:4)
  9 water elementals
  5 fire elementals
  2 death yak simulacra (IceCv)
  A human (shapeshifter) (Elf:1)
  A yaktaur simulacrum (Vaults:2)
  An alligator snapping turtle simulacrum (Coc:2)
  14 neqoxecs
  5 chaos spawn (Pan)
  2 steam dragons
  Grum (D:10)
  2 vampire mosquitoes (D:13)
  4 redbacks
  Menkaure (D:5)
  8 harpy simulacra
  16 large abominations
  5 wargs
  A swamp worm (shapeshifter) (Vaults:5)
  30 nagas
  4 small abominations (Abyss:3)
  6 acid dragons
  16 water moccasins
  6 hell hounds
  2 hydra simulacra
  21 orc warriors
  2 black bears
  5 ettin simulacra
  A fire dragon simulacrum (Coc:1)
  A merfolk simulacrum (Coc:2)
  2 ice beasts (D:6)
  3 wolves (D:10)
  An alligator simulacrum (Hell)
  A manticore zombie (Shoals:2)
  A sky beast (D:9)
  32 ogres
  4 boggarts
  2 phantoms (D:5)
  An elf simulacrum (Vaults:2)
  10 centaurs
  A lemure (D:7)
  9 kobold brigands
  7 bullfrogs
  4 gnoll sergeants
  A cane toad simulacrum (IceCv)
  4 scorpions
  3 earth elementals
  14 wights
  Dowan (D:5)
  16 killer bees
  2 howler monkeys
  An electric eel (Lair:4)
  A crimson imp (D:12)
  5 jellies
  3 lava snakes (Lair:3)
  6 hounds
  6 orc priests
  2 gnoll boudas
  6 iron imps (Geh:5)
  5 iguanas
  23 orc wizards
  A polar bear simulacrum (IceCv)
  14 gnolls (D:9)
  9 adders
  A river rat (D:4)
  2 shadow imps
  A white imp (D:7)
  2 ufetubi
  2 worms (D:4)
  2 dart slugs (D:4)
  68 orcs
  9 ball pythons
  6 bats
  7 endoplasms
  5 giant cockroaches
  14 goblins
  8 hobgoblins
  7 quokkas
  4 frilled lizards
  45 kobolds
  4 rats
  5 creeping infernos
  5 fire vortices
  3 starspawn tentacles (Abyss:3)
  A tentacle (Shoals:1)
2564 creatures vanquished.

Vanquished Creatures (collateral kills)
  3 shard shrikes (Coc:7)
  A titan (Coc:7)
  An azure jelly (Coc:5)
  A nargun (Coc:3)
  A frost giant (Coc:7)
  A shard shrike simulacrum (Coc:7)
  2 very ugly things (Pan)
  3 elemental wellsprings
  A wendigo (Coc:7)
  A juggernaut simulacrum (Pan)
  A caustic shrike simulacrum (Coc:7)
  2 quicksilver dragon simulacra
  A naga ritualist (Snake:3)
  3 spriggan simulacra
  A mana viper (Snake:3)
  3 ugly things (Pan)
  A manticore (Shoals:4)
  A black mamba (Snake:3)
  2 naga simulacra
  A chaos spawn (Pan)
  3 neqoxecs (Pan)
  2 large abominations (Pan)
  A harpy simulacrum (Coc:5)
37 creatures vanquished.

Vanquished Creatures (others)
  A shard shrike (Coc:6)
  A Hell Sentinel (Pan)
  5 Ice Fiends
  A titan (Coc:7)
  2 fire giants
  4 narguns (Coc:7)
  4 shard shrike simulacra
  7 wendigos
  2 blizzard demons (Pan)
  2 stokers (Geh:7)
  A sun demon (Pan)
  A sixfirhy (Pan)
  2 wizards (Pan)
  2 spriggan simulacra
  A fenstrider witch simulacrum (Coc:1)
  A deep elf pyromancer (Elf:3)
  2 smoke demons (Pan)
  An iron giant simulacrum (Coc:7)
  A hellwing (Pan)
  A raiju (Abyss:3)
  A dire elephant simulacrum (Coc:3)
  A naga (Snake:4)
  An ettin simulacrum (Depths:4)
  A starcursed mass (Abyss:3)
  3 ball lightnings (Pan)
  7 starspawn tentacles (Abyss:3)
  34 tentacles
90 creatures vanquished.

Grand Total: 2691 creatures vanquished

Notes
Turn   | Place    | Note
-------+----------+-------------------------------------------
     0 | D:1      | Lutefisk the Tengu Air Elementalist began the quest for the
                  | Orb.
     0 | D:1      | Reached XP level 1. HP: 10/10 MP: 4/4
    29 | D:1      | Reached skill level 1 in Fighting
    52 | D:1      | Reached XP level 2. HP: 13/16 MP: 1/6
    77 | D:2      | Found Yfyshigo's Armour Emporium.
   238 | D:2      | Found Ugur Ybborchy's Book Shoppe.
   279 | D:2      | Reached XP level 3. HP: 10/22 MP: 3/7
   311 | D:2      | Found Weptujunit's Assorted Antiques.
   471 | D:2      | Reached XP level 4. HP: 28/28 MP: 3/8
   647 | D:3      | Learned a level 2 spell: Static Discharge
   945 | D:4      | Noticed a scorpion
   980 | D:4      | Identified the +0 robe "Idyiph" {Rampage +Inv rF- Will++}
  1069 | D:4      | Learned a level 3 spell: Swiftness
  1089 | D:4      | Found a glowing drain.
  1094 | Sewer    | Entered a sewer
  1119 | Sewer    | Reached skill level 5 in Air Magic
  1162 | Sewer    | Gained mutation: Your magical nature lets you fly swiftly
                  | and evasively. [Tengu growth]
  1162 | Sewer    | Reached XP level 5. HP: 32/32 MP: 9/9
  1171 | Sewer    | Noticed a kobold brigand
  1263 | Sewer    | Killed a kobold brigand
  1462 | D:4      | Reached skill level 6 in Air Magic
  1462 | D:4      | Reached XP level 6. HP: 37/37 MP: 4/10
  1557 | D:4      | Reached skill level 1 in Throwing
  1557 | D:4      | Reached skill level 1 in Evocations
  1618 | D:5      | Entered Level 5 of the Dungeon
  1650 | D:5      | Found a staircase to the Ecumenical Temple.
  1657 | D:5      | Reached XP level 7. HP: 37/42 MP: 2/11
  1688 | Temple   | Entered the Ecumenical Temple
  1796 | D:5      | Reached skill level 7 in Air Magic
  1845 | D:5      | Noticed Menkaure
  1927 | D:6      | Found the +0 toga "Victory" {*Victory Clar}
  1975 | D:5      | Reached XP level 8. HP: 33/48 MP: 4/12
  1989 | D:5      | Noticed Dowan
  1989 | D:5      | Noticed Duvessa
  2012 | D:6      | Found Ywyophomag's Distillery.
  2017 | D:6      | Bought a potion of curing for 36 gold pieces
  2017 | D:6      | Bought a potion of mutation for 96 gold pieces
  2023 | D:6      | Learned a level 4 spell: Airstrike
  2048 | D:6      | Reached skill level 8 in Air Magic
  2133 | D:7      | Noticed Pikel
  2155 | D:6      | Reached skill level 5 in Conjurations
  2276 | D:5      | Killed Dowan
  2309 | D:5      | Noticed Sigmund
  2451 | D:6      | Found a shimmering blue altar of Sif Muna.
  2617 | D:6      | Reached skill level 5 in Fighting
  2812 | D:6      | Reached XP level 9. HP: 54/54 MP: 7/14
  2838 | D:6      | Reached skill level 5 in Armour
  2838 | D:6      | Reached skill level 5 in Dodging
  2928 | D:7      | Killed Pikel
  2929 | D:7      | Reached skill level 9 in Air Magic
  2932 | D:7      | Reached skill level 10 in Air Magic
  2978 | D:7      | Found a transporter.
  2984 | D:7      | Found a transporter.
  2990 | D:7      | Noticed a troll
  2991 | D:7      | Noticed a moth of wrath
  3300 | D:7      | Reached XP level 10. HP: 49/59 MP: 6/17
  3385 | D:7      | Noticed auo's ghost (novice MiFi)
  3483 | D:8      | Found a hazy altar of Hepliaklqana.
  3514 | D:8      | Noticed a centaur warrior
  3576 | D:7      | Found a bloodstained altar of Trog.
  3651 | D:8      | Noticed a purple ugly thing
  3670 | D:7      | Identified the +6 dagger of Royalism {flame, Stlth+}
  3747 | D:8      | Found an ancient bone altar of Kikubaaqudgha.
  3795 | D:8      | Killed a purple ugly thing
  3808 | D:8      | Found Raiddit's Assorted Antiques.
  3812 | D:8      | Bought a murky white potion for 24 gold pieces
  3812 | D:8      | Bought a scroll labelled EFAFURCHI UT ACVE for 27 gold
                  | pieces
  4032 | D:8      | Paralysed by a hornet for 3 turns
  4038 | D:8      | Paralysed by a hornet for 2 turns
  4226 | D:9      | Found a sparkling altar of Nemelex Xobeh.
  4226 | D:9      | Noticed a manticore
  4487 | D:9      | Reached skill level 5 in Evocations
  4534 | D:8      | Found an ornate altar of the Wu Jian Council.
  4778 | D:9      | Identified the +3 ring mail of Lust {rC+ Int-5 Slay+4
                  | Stlth+}
  4815 | D:9      | Noticed a centaur warrior
  4817 | D:9      | Reached skill level 11 in Air Magic
  4817 | D:9      | Noticed a two-headed ogre
  4820 | D:9      | Reached XP level 11. HP: 60/64 MP: 11/18
  4828 | D:9      | Killed a centaur warrior
  4829 | D:9      | Reached skill level 12 in Air Magic
  4923 | D:8      | Killed a centaur warrior
  4924 | D:8      | Reached skill level 5 in Spellcasting
  4957 | D:9      | Got the Encyclopedia of Rancid Cold
  4966 | D:9      | Found an opulent altar of Gozag.
  4976 | D:9      | Became a worshipper of Gozag Ym Sagoz the Greedy
  5147 | D:9      | Killed a manticore
  5179 | D:9      | Found a radiant altar of Vehumet.
  5190 | D:9      | Found a blossoming altar of Fedhas.
  5246 | D:10     | Entered Level 10 of the Dungeon
  5282 | D:10     | Noticed an eight-headed hydra
  5336 | D:9      | Killed a two-headed ogre
  5374 | D:10     | Noticed Amaemon
  5380 | D:9      | Noticed a two-headed ogre
  5429 | D:9      | Killed a two-headed ogre
  5498 | D:10     | Reached skill level 10 in Conjurations
  5581 | D:10     | Found a staircase to the Orcish Mines.
  5670 | D:10     | Killed Amaemon
  5703 | D:10     | Noticed Grum
  5711 | D:10     | Found a transporter.
  5713 | D:10     | Found the +0 pair of fencer's gloves {Riposte Dex+3}
  5727 | D:10     | Found Engoiz's Armour Boutique.
  5757 | D:10     | Noticed Josephine
  5851 | D:10     | Killed Josephine
  5893 | D:10     | Noticed a sixfirhy
  5899 | D:10     | Reached XP level 12. HP: 23/71 MP: 8/22
  6035 | D:10     | Killed an eight-headed hydra
  6230 | D:10     | Found a broken altar of Ashenzari.
  6230 | D:10     | Noticed an ogre mage
  6231 | D:10     | Noticed a two-headed ogre
  6235 | D:10     | Noticed Urug
  6251 | D:10     | Killed an ogre mage
  6380 | D:11     | Reached skill level 13 in Air Magic
  6474 | D:11     | Reached skill level 14 in Air Magic
  6755 | D:11     | Found a staircase to the Lair.
  6821 | D:10     | Found a transporter.
  6827 | D:10     | Killed a two-headed ogre
  7181 | D:10     | Killed Urug
  7217 | D:10     | Killed Grum
  7591 | D:11     | You are sucked into a shaft and drop 2 floors!
  7661 | D:13     | Noticed a centaur warrior
  7667 | D:13     | Killed a centaur warrior
  7938 | D:13     | Reached XP level 13. HP: 53/76 MP: 18/24
  7979 | D:13     | Reached skill level 10 in Dodging
  8440 | Lair:1   | Entered Level 1 of the Lair of Beasts
  9118 | Lair:2   | Reached skill level 1 in Shields
  9334 | Lair:3   | Identified the +7 chain mail of the Serpent {rF+}
  9342 | Lair:3   | Noticed Prince Ribbit
  9365 | Lair:3   | Killed Prince Ribbit
  9448 | Lair:3   | Found a staircase to the Snake Pit.
  9534 | Lair:3   | Found a frozen archway.
  9608 | IceCv    | Entered an ice cave
  9617 | IceCv    | Reached XP level 14. HP: 82/84 MP: 15/27
  9637 | IceCv    | Found a transporter.
  9654 | IceCv    | Found a transporter.
  9740 | Lair:3   | Reached skill level 10 in Armour
  9814 | Lair:3   | Reached skill level 5 in Shields
 10035 | Lair:3   | Reached XP level 15. HP: 80/88 MP: 28/28
 10168 | Lair:4   | Found a gate leading to a gauntlet.
 10177 | Gauntlet | Entered a Gauntlet
 10177 | Gauntlet | Found a transporter.
 10185 | Gauntlet | Found a transporter.
 10187 | Gauntlet | Found a transporter.
 10194 | Gauntlet | Found a transporter.
 10209 | Gauntlet | Found a transporter.
 10214 | Gauntlet | Found a transporter.
 10231 | Gauntlet | Found a transporter.
 10248 | Gauntlet | Found a transporter.
 10257 | Gauntlet | Found a transporter.
 10268 | Gauntlet | Found a large runed translucent door.
 10269 | Gauntlet | Found a large runed translucent door.
 10270 | Gauntlet | Found a large runed translucent door.
 10270 | Gauntlet | Found a large runed translucent door.
 10271 | Gauntlet | Found a runed translucent gate.
 10272 | Gauntlet | Found a transporter.
 10272 | Gauntlet | Found a runed translucent gate.
 10273 | Gauntlet | Found a runed translucent gate.
 10273 | Gauntlet | Found a large runed translucent door.
 10273 | Gauntlet | Found a large runed translucent door.
 10273 | Gauntlet | Found a runed translucent door.
 10273 | Gauntlet | Found a runed translucent door.
 10274 | Gauntlet | Found a large runed translucent door.
 10274 | Gauntlet | Found a large runed translucent door.
 10275 | Gauntlet | Found a large runed translucent door.
 10276 | Gauntlet | Found a large runed translucent door.
 10283 | Gauntlet | Found the necklace of Bloodlust {Fury *Rage Will++ Int-3
                  | Slay+6}
 10284 | Gauntlet | Found a transporter.
 10285 | Gauntlet | Found a large runed translucent door.
 10285 | Gauntlet | Found a large runed translucent door.
 10296 | Gauntlet | Found a transporter.
 10313 | Gauntlet | Found a transporter.
 10330 | Gauntlet | Found a transporter.
 10332 | Gauntlet | Found a transporter.
 10368 | Gauntlet | Found a transporter.
 10368 | Gauntlet | Found a transporter.
 10381 | Gauntlet | Found a large runed translucent door.
 10382 | Gauntlet | Found a large runed translucent door.
 10382 | Gauntlet | Identified the +8 scimitar of Bodily Harmony {flame, rC+
                  | Will+}
 10389 | Gauntlet | Found a large runed translucent door.
 10389 | Gauntlet | Found a large runed translucent door.
 10391 | Gauntlet | Found a transporter.
 10438 | Gauntlet | HP: 1/88 [catoblepas (22)]
 10692 | Gauntlet | Reached skill level 10 in Shields
 10708 | Gauntlet | Identified the +3 pair of gloves of Nuoxtuo {rElec Str+2}
 11112 | Lair:4   | Got Usmisu's Tome of Translocated Conflict
 11208 | Lair:5   | Entered Level 5 of the Lair of Beasts
 11417 | Lair:5   | Reached skill level 10 in Fighting
 11798 | Lair:5   | Reached skill level 15 in Air Magic
 12143 | Lair:5   | Found a staircase to the Slime Pits.
 12143 | Lair:5   | Found a viscous altar of Jiyva.
 12154 | Lair:5   | Reached XP level 16. HP: 76/97 MP: 18/29
 12795 | Orc:1    | Entered Level 1 of the Orcish Mines
 12963 | Orc:2    | Entered Level 2 of the Orcish Mines
 13005 | Orc:2    | Found Monaqe's Weapon Shop.
 13005 | Orc:2    | Found Kahaenoi's Armour Shoppe.
 13144 | Orc:2    | Reached skill level 10 in Spellcasting
 13582 | Orc:2    | Found Kunoub's Armour Shoppe.
 13582 | Orc:2    | Found Ynuogiz's Antique Weapon Boutique.
 13807 | Orc:2    | Found a staircase to the Elven Halls.
 13856 | Orc:2    | Found a shimmering blue altar of Sif Muna.
 14183 | D:5      | Killed Menkaure
 14256 | D:2      | Bought a book of Geomancy for 198 gold pieces
 14313 | D:2      | Bought the ring "Raib" {rPois Dex+2 SInv} for 425 gold
                  | pieces
 14447 | D:6      | Bought a potion of curing for 36 gold pieces
 14447 | D:6      | Bought a potion of haste for 120 gold pieces
 14447 | D:6      | Bought a potion of mutation for 96 gold pieces
 14447 | D:6      | Bought a potion of haste for 120 gold pieces
 14447 | D:6      | Bought a potion of resistance for 120 gold pieces
 14546 | D:7      | Killed auo's ghost
 14618 | D:8      | Bought a scroll of identify for 54 gold pieces
 14618 | D:8      | Bought a scroll of identify for 54 gold pieces
 14618 | D:8      | Bought a wand of roots (4) for 259 gold pieces
 14731 | D:10     | Identified the +10 hand axe of the Penguin {drain, rPois}
 14935 | Snake:1  | Entered Level 1 of the Snake Pit
 15486 | Snake:3  | Reached skill level 1 in Staves
 15681 | Snake:3  | Reached XP level 17. HP: 77/102 MP: 11/32
 15739 | Snake:3  | Identified the +2 pair of gloves of Shrieking Liberty
                  | {rPois}
 15844 | Snake:4  | Entered Level 4 of the Snake Pit
 16134 | Snake:4  | Reached skill level 5 in Staves
 16569 | Snake:4  | Reached skill level 16 in Air Magic
 16684 | Snake:4  | Reached skill level 15 in Dodging
 17218 | Snake:4  | Reached skill level 15 in Conjurations
 17300 | Snake:4  | Got a serpentine rune of Zot
 17604 | Snake:2  | Noticed Saint Roka
 17840 | Snake:2  | Reached XP level 18. HP: 107/107 MP: 33/33
 18337 | Lair:2   | Found a staircase to the Shoals.
 18349 | Shoals:1 | Entered Level 1 of the Shoals
 18775 | Shoals:1 | Learned a level 6 spell: Plasma Beam
 18893 | Shoals:1 | Reached skill level 1 in Fire Magic
 18913 | Shoals:2 | Noticed Polyphemus
 19439 | Shoals:2 | Killed Polyphemus
 19453 | Shoals:2 | Noticed Ilsuiw
 19841 | Shoals:3 | Reached skill level 17 in Air Magic
 19861 | Shoals:4 | Entered Level 4 of the Shoals
 20459 | Shoals:4 | Reached skill level 18 in Air Magic
 20973 | Shoals:4 | Reached skill level 5 in Fire Magic
 21241 | Shoals:4 | Got a barnacled rune of Zot
 21300 | Shoals:4 | Reached XP level 19. HP: 99/112 MP: 34/35
 21414 | Shoals:4 | Identified the +2 scimitar of the Seven Artisans {spect,
                  | Dex+3}
 21805 | Shoals:2 | Noticed Frances
 21814 | Shoals:2 | Killed Frances
 22086 | Elf:1    | Entered Level 1 of the Elven Halls
 22453 | Elf:2    | Found Viwafyah's Magic Scroll Emporium.
 22455 | Elf:2    | Found Esuw's Weapon Shoppe.
 22457 | Elf:2    | Found Kawaah's Antique Weapon Emporium.
 22468 | Elf:2    | Bought a scroll of teleportation for 51 gold pieces
 22468 | Elf:2    | Bought a scroll of magic mapping for 127 gold pieces
 22468 | Elf:2    | Bought a scroll of blinking for 127 gold pieces
 22468 | Elf:2    | Bought a scroll of identify for 34 gold pieces
 22468 | Elf:2    | Bought a scroll of magic mapping for 127 gold pieces
 22533 | Elf:3    | Entered Level 3 of the Elven Halls
 22617 | Elf:2    | Learned a level 3 spell: Mephitic Cloud
 22626 | Elf:3    | Found Pueses's Jewellery Shoppe.
 23391 | Elf:3    | Identified the amulet "Ixularch" {Spirit Regen+ Int+2}
 23478 | Elf:3    | Reached skill level 19 in Air Magic
 23619 | Elf:3    | Reached XP level 20. HP: 113/122 MP: 10/37
 23758 | Elf:3    | Reached skill level 20 in Air Magic
 23762 | Elf:3    | Got Ugewk's Directory of Fateful Geology
 23782 | Elf:3    | Identified the +1 pair of boots of Wu Jian's Benevolence
                  | {rElec Int+4 Dex+3}
 23782 | Elf:3    | Identified the amulet "Raujamn" {Reflect Rampage Will++
                  | Str-4 SH+5 SInv}
 23803 | Elf:3    | Identified the ring of Ynih {rCorr Dex+3 Slay+4}
 23814 | Elf:3    | Identified the staff of earth "Meim" {Dex+2}
 23832 | Elf:3    | Identified the +5 plate armour of the Shining Light {rPois
                  | Str+3}
 23905 | Elf:3    | Learned a level 5 spell: Arcjolt
 23911 | Elf:3    | Learned a level 5 spell: Freezing Cloud
 24034 | Elf:2    | Paralysed by an air elemental for 1 turns
 24494 | D:14     | Found a gate to the Vaults.
 24502 | Vaults:1 | Entered Level 1 of the Vaults
 25184 | Vaults:1 | Reached skill level 15 in Armour
 25394 | Vaults:2 | Found Suwutium's Magic Scroll Shop.
 25402 | Vaults:2 | Bought a scroll of teleportation for 69 gold pieces
 25402 | Vaults:2 | Bought a scroll of fear for 92 gold pieces
 25402 | Vaults:2 | Bought a scroll of identify for 46 gold pieces
 25745 | Vaults:3 | Reached XP level 21. HP: 127/127 MP: 36/38
 26136 | Vaults:4 | Identified the ring "Xuzah" {rF+ rCorr}
 26357 | Vaults:4 | Noticed Mara
 26364 | Vaults:4 | Noticed Lutefisk's illusion
 26367 | Vaults:4 | Killed Mara
 26500 | Vaults:5 | Entered Level 5 of the Vaults
 26692 | Vaults:4 | Reached skill level 21 in Air Magic
 27088 | Vaults:5 | Noticed a golden dragon
 27116 | Vaults:5 | Killed a golden dragon
 27302 | Vaults:5 | Reached skill level 5 in Stealth
 27355 | Vaults:5 | Identified the +5 rapier "Acaidgh" {freeze, rN+ Will++
                  | rCorr Dex-2}
 27414 | Vaults:5 | Found Menimol's Jewellery Shop.
 27443 | Vaults:5 | Got Qirrera's Octavo of Doomed Accelerants
 27495 | Vaults:5 | Identified the ring "Ecyekhlen" {rPois rF- rCorr Str+6
                  | Slay+5}
 27503 | Vaults:5 | Reached XP level 22. HP: 92/132 MP: 29/39
 27612 | Vaults:5 | Noticed a golden dragon
 27613 | Vaults:5 | Noticed a dread lich
 27697 | Vaults:5 | Reached skill level 22 in Air Magic
 28061 | Vaults:5 | Got a silver rune of Zot
 28063 | Vaults:5 | Identified the +1 helmet of Experimentation {+Blink Will+
                  | Str+4}
 28156 | Vaults:5 | Got the Compilation of the Falcon
 28382 | Vaults:3 | Learned a level 8 spell: Maxwell's Capacitive Coupling
 28800 | Slime:1  | Entered Level 1 of the Pits of Slime
 28873 | Slime:5  | Entered Level 5 of the Pits of Slime
 28929 | Slime:4  | Learned a level 7 spell: Orb of Destruction
 29039 | Slime:5  | Gained mutation: Armour fits poorly on your strangely
                  | shaped body. [a shining eye]
 29225 | Slime:5  | Noticed the Royal Jelly
 29319 | Slime:5  | Killed the Royal Jelly
 29460 | Slime:5  | Identified a scroll of acquirement
 29464 | Slime:5  | Identified the ring "Gubumam" {Ice +Blink rPois Int-2
                  | Dex+3}
 29477 | Slime:5  | Got a slimy rune of Zot
 29560 | Slime:5  | Acquired 946 gold pieces
 29567 | Slime:5  | Identified the ring of Xom's Bemusement {Drain Fly rF+++
                  | Str+3 Dex+5}
 29574 | Slime:5  | Got Vybix's Opusculum on Darkness and Metamorphosis
 29579 | Slime:5  | Identified the +5 hand axe "Tengu's Curse" {protect, Int+3}
 29911 | D:15     | Entered Level 15 of the Dungeon
 30031 | D:15     | Found a staircase to the Depths.
 30036 | D:15     | Noticed Agnes
 30044 | D:15     | Reached XP level 23. HP: 143/143 MP: 31/40
 30047 | D:15     | Killed Agnes
 30102 | Depths:1 | Entered Level 1 of the Depths
 30111 | Depths:1 | Found a gateway to Hell.
 30236 | Depths:1 | Found a one-way gate leading to the halls of Pandemonium.
 30248 | Depths:2 | Reached skill level 15 in Fighting
 30325 | Depths:2 | Identified the +7 spear of the Noxious God {spect, *Corrode
                  | rN+ Int+4}
 30348 | Depths:2 | Reached skill level 23 in Air Magic
 30623 | Depths:4 | Entered Level 4 of the Depths
 30671 | Depths:4 | Noticed a golden dragon
 30677 | Depths:4 | Found a broken altar of Ashenzari.
 30711 | Depths:4 | Killed a golden dragon
 30847 | Depths:3 | Noticed Margery
 30858 | Depths:3 | Killed Margery
 31103 | Depths:4 | Reached skill level 24 in Air Magic
 31189 | Depths:3 | Noticed a juggernaut
 31209 | Depths:3 | Killed a juggernaut
 31427 | Depths:4 | Got Koisygil's Parchment of Overhead Freezing
 31438 | Depths:4 | Found a glowing silver altar of Zin.
 31440 | Depths:4 | Found a one-way gate to the infinite horrors of the Abyss.
 31465 | Depths:4 | Voluntarily entered the Abyss.
 31515 | Abyss:2  | Found a corrupted altar of Lugonu.
 31744 | Abyss:3  | Reached XP level 24. HP: 150/150 MP: 22/40
 31818 | Abyss:3  | Got an abyssal rune of Zot
 31850 | Depths:4 | Escaped the Abyss
 31917 | Depths:4 | Found a shimmering blue altar of Sif Muna.
 31973 | Depths:4 | Found a gate to the Realm of Zot.
 31996 | Depths:4 | HP: 7/150 [poison (poison gas)]
 32234 | Zot:1    | Entered Level 1 of the Realm of Zot
 32246 | Zot:1    | Reached skill level 25 in Air Magic
 32467 | Zot:1    | Bought a scroll of teleportation for 72 gold pieces
 32467 | Zot:1    | Bought 3 scrolls of magic mapping for 540 gold pieces
 32467 | Zot:1    | Bought a scroll of poison for 96 gold pieces
 32467 | Zot:1    | Bought a scroll of teleportation for 72 gold pieces
 32710 | Zot:2    | Reached skill level 26 in Air Magic
 32786 | Zot:2    | Noticed a curse toe
 32792 | Zot:2    | Killed a curse toe
 32827 | Zot:2    | Noticed an ancient lich
 32834 | Zot:2    | Noticed a Killer Klown
 32837 | Zot:2    | Killed an ancient lich
 32842 | Zot:2    | Killed a Killer Klown
 32870 | Zot:2    | Reached XP level 25. HP: 150/155 MP: 22/41
 33369 | Zot:5    | Entered Level 5 of the Realm of Zot
 33541 | Zot:5    | Noticed an ancient lich
 33550 | Zot:5    | Killed an ancient lich
 33559 | Zot:5    | Noticed an orb of fire
 33563 | Zot:5    | Gained mutation: Your magical capacity is low. (-10% MP)
                  | [an orb of fire]
 33564 | Zot:5    | Killed an orb of fire
 33565 | Zot:5    | Reached skill level 15 in Spellcasting
 33565 | Zot:5    | Noticed an ancient lich
 33565 | Zot:5    | Noticed an orb of fire
 33576 | Zot:5    | Killed an ancient lich
 33577 | Zot:5    | Noticed a dread lich
 33578 | Zot:5    | Gained mutation: Your spells are a little easier to cast,
                  | but a little less powerful. [an orb of fire]
 33582 | Zot:5    | Killed an orb of fire
 33594 | Zot:5    | Killed a dread lich
 33598 | Zot:5    | Lost mutation: Your magical capacity is low. (-10% MP)
                  | [potion of mutation]
 33598 | Zot:5    | Lost mutation: Armour fits poorly on your strangely shaped
                  | body. [potion of mutation]
 33598 | Zot:5    | Gained mutation: You are robust. (+10% HP) [potion of
                  | mutation]
 33598 | Zot:5    | Lost mutation: Your spells are a little easier to cast, but
                  | a little less powerful. [potion of mutation]
 33700 | Zot:5    | Noticed an orb of fire
 33702 | Zot:5    | Noticed a Killer Klown
 33705 | Zot:5    | Killed an orb of fire
 33711 | Zot:5    | Noticed an orb of fire
 33714 | Zot:5    | Killed an orb of fire
 33715 | Zot:5    | Reached skill level 27 in Air Magic
 33726 | Zot:5    | Killed a Killer Klown
 33745 | Zot:5    | Learned a level 9 spell: Chain Lightning
 33803 | Zot:5    | Noticed an orb of fire
 33819 | Zot:5    | Gained mutation: You are vulnerable to heat. (rF-) [an orb
                  | of fire]
 33820 | Zot:5    | Killed an orb of fire
 33823 | Zot:5    | Noticed an ancient lich
 33871 | Zot:5    | Killed an ancient lich
 33899 | Zot:5    | Noticed an orb of fire
 33912 | Zot:5    | Killed an orb of fire
 34420 | Hell     | Entered the Vestibule of Hell
 34420 | Hell     | Noticed Geryon
 34428 | Hell     | Reached XP level 26. HP: 176/176 MP: 17/43
 34429 | Hell     | Killed Geryon
 34539 | Hell     | Reached skill level 1 in Necromancy
 34539 | Hell     | Reached skill level 1 in Transmutations
 34575 | Depths:3 | Bought the ring of Lifefaom {rPois rN+ rCorr Str-2} for 561
                  | gold pieces
 34825 | Depths:1 | Found a blossoming altar of Fedhas.
 34878 | Pan      | Entered Pandemonium
 35245 | Pan      | Found an exit through the horrors of the Abyss.
 35624 | Pan      | Entered the realm of Gloorx Vloq.
 35867 | Pan      | Reached skill level 5 in Necromancy
 36146 | Pan      | Noticed Gloorx Vloq
 36294 | Pan      | Reached skill level 5 in Transmutations
 36444 | Pan      | Got a dark rune of Zot
 36507 | Pan      | Noticed Ytotheni the pandemonium lord
 36519 | Pan      | Killed Ytotheni the pandemonium lord
 36626 | Pan      | Entered the realm of Lom Lobon.
 36672 | Pan      | Reached XP level 27. HP: 181/181 MP: 27/45
 36893 | Pan      | Noticed Lom Lobon
 36902 | Pan      | Got a magical rune of Zot
 36987 | Pan      | Killed Lom Lobon
 37261 | Pan      | Found an exit through the horrors of the Abyss.
 37305 | Pan      | Noticed Wilazxoi the pandemonium lord
 37471 | Pan      | Entered the realm of Cerebov.
 37677 | Pan      | Found the +6 sword of Cerebov {flame}
 37677 | Pan      | Noticed Cerebov
 37683 | Pan      | Killed Cerebov
 37684 | Pan      | Reached skill level 10 in Necromancy
 37708 | Pan      | Got a fiery rune of Zot
 37858 | Pan      | Identified the +8 whip of Income {venom, rF+++ rC- Dex+4}
 37865 | Pan      | Identified the staff of death "Giec" {rF+++ rC+ rN+ Str-4
                  | Dex+4}
 37886 | Pan      | Identified the staff of air "Netougen" {rElec rPois rC+ rN+
                  | SInv}
 37966 | Pan      | Found an exit through the horrors of the Abyss.
 37975 | Pan      | Noticed Lalo the pandemonium lord
 38143 | Pan      | Noticed a seraph
 38277 | Pan      | Killed a seraph
 38322 | Pan      | Found a glowing golden altar of the Shining One.
 38334 | Pan      | Got a demonic rune of Zot
 38335 | Pan      | Identified the +1 robe "Heplagafoo" {rC+}
 38422 | Depths:1 | Escaped Pandemonium
 38424 | Pan      | Entered the realm of Mnoleg.
 38424 | Pan      | Entered Pandemonium
 38460 | Pan      | Found an exit through the horrors of the Abyss.
 38598 | Pan      | Learned a level 4 spell: Summon Lightning Spire
 38668 | Pan      | Noticed Mnoleg
 38674 | Pan      | Gained mutation: You do not regenerate when monsters are
                  | visible. [a cacodemon]
 38734 | Pan      | Gained mutation: You occasionally shout uncontrollably at
                  | your foes. [Mnoleg's mutagenic touch]
 38737 | Pan      | Killed Mnoleg
 38812 | Pan      | Gained mutation: You are very vulnerable to heat. (rF--) [a
                  | neqoxec]
 38853 | Pan      | Got a glowing rune of Zot
 38854 | Pan      | Lost mutation: You are very vulnerable to heat. (rF--)
                  | [potion of mutation]
 38854 | Pan      | Lost mutation: You occasionally shout uncontrollably at
                  | your foes. [potion of mutation]
 38854 | Pan      | Gained mutation: Your system is resistant to poisons.
                  | (rPois) [potion of mutation]
 38854 | Pan      | Gained mutation: Your flesh is cold resistant. (rC+)
                  | [potion of mutation]
 38855 | Pan      | Lost mutation: You are robust. (+10% HP) [potion of
                  | mutation]
 38855 | Pan      | Lost mutation: You are vulnerable to heat. (rF-) [potion of
                  | mutation]
 38855 | Pan      | Lost mutation: Your system is resistant to poisons. (rPois)
                  | [potion of mutation]
 38855 | Pan      | Gained mutation: You are somewhat resistant to further
                  | mutation. [potion of mutation]
 38856 | Pan      | Lost mutation: Your flesh is cold resistant. (rC+) [potion
                  | of mutation]
 38856 | Pan      | Lost mutation: You do not regenerate when monsters are
                  | visible. [potion of mutation]
 39136 | Pan      | Noticed Govusch the pandemonium lord
 39161 | Pan      | Found an exit through the horrors of the Abyss.
 39171 | Pan      | Took an exit into the Abyss.
 39171 | Abyss:3  | Escaped into the Abyss
 39231 | Depths:1 | Escaped the Abyss
 39457 | Hell     | Found a gateway to the Iron City of Dis.
 39465 | Dis:1    | Entered Level 1 of the Iron City of Dis
 39468 | Dis:1    | Noticed a dread lich
 39498 | Dis:1    | Killed a dread lich
 39790 | Hell     | Found a gateway to the ashen valley of Gehenna.
 39851 | Hell     | Found a gateway to the decaying netherworld of Tartarus.
 39884 | Hell     | Found a gateway to the freezing wastes of Cocytus.
 39979 | Geh:1    | Entered Level 1 of Gehenna
 40002 | Geh:1    | Reached skill level 10 in Transmutations
 40217 | Geh:3    | You are sucked into a shaft and drop 1 floor!
 40439 | Geh:5    | Reached skill level 10 in Evocations
 40467 | Geh:5    | Found an ancient bone altar of Kikubaaqudgha.
 40752 | Geh:7    | Entered Level 7 of Gehenna
 41278 | Geh:7    | Found the +13 sceptre of Asmodeus
 41278 | Geh:7    | Noticed Asmodeus
 41279 | Geh:7    | Killed Asmodeus
 41302 | Geh:7    | Found the +5 Storm Queen's Shield {shock, Fly rElec}
 41329 | Geh:7    | Got an obsidian rune of Zot
 41514 | Coc:1    | Entered Level 1 of Cocytus
 41728 | Coc:3    | Reached skill level 15 in Necromancy
 42136 | Coc:7    | Entered Level 7 of Cocytus
 42216 | Coc:7    | Paralysed by a wendigo for 1 turns
 42322 | Coc:7    | Noticed an ancient lich
 42330 | Coc:7    | Killed an ancient lich
 42785 | Coc:7    | Identified the ring of Mistrust {Wiz Int+9 Stlth-}
 42785 | Coc:7    | Noticed Antaeus
 42806 | Coc:7    | Killed Antaeus
 42835 | Coc:7    | Got Esitufae's Guide on the Panacea and Destruction
 42838 | Coc:7    | Got an icy rune of Zot
 42916 | Coc:7    | Acquired 669 gold pieces
 43240 | Hell     | Killed from afar by a Hell Sentinel

Illustrated notes

Levels and vault maps discovered:
D:1:      dpeg_arrival_rooms_b, layout_basic, serial_co_window_serial,
          co_window_corner_a, co_window_paths_b, co_window_corner_a,
          co_window_of_opportunity_a, co_window_paths_b, co_window_broadway_b,
          co_window_unsneaky_path_a, co_window_of_opportunity_c,
          co_window_cross_2, co_window_paths_e, glass_columns_a,
          glass_columns_b, glass_columns_a
D:2:      layout_rooms, basic_ecumenical_altar, serial_shops,
          nicolae_shop_behind_doors, shop, nicolae_book_shop_shelving,
          minmay_tripent
D:3:      layout_loops_corners, wander_ebering_terrifying_dragon_lair
D:4:      layout_cave_pools, gup_sewer_entry_spiral
D:5:      layout_rooms, minmay_temple_entry_stoned_glass,
          pf_guarded_unrand_woodcutter, uniq_duvessa, uniq_sigmund,
          uniq_menkaure
D:6:      minmay_recursive_quarters, layout_basic, mainiacjoe_overflow_alcove_4,
          serial_shops, nicolae_shop_tiny_real_fake_doors, nicolae_benzene_ring,
          grunt_ministairs_12, minmay_ogre_servants, uniq_eustachio
D:7:      layout_loops_cross, gammafunk_ghost_wrathful_warriors,
          kennysheep_generic_room_13, uniq_pikel
D:8:      layout_basic, lemuel_crystal_altar, pdpol_wu_jian_five_deadly_venoms,
          mainiacjoe_overflow_six_doors_small, serial_shops,
          nicolae_shop_back_alley_shop
D:9:      cheibrodos_barr_body, layout_basic, nicolae_gozag_seed_capital,
          mainiacjoe_overflow_paths, amethyst_overflow_temple_binary,
          kennysheep_generic_room_15
D:10:     gammafunk_cloud_chamber, layout_small_grid, orc_david_3,
          minmay_ruined_shrine, uniq_urug, uniq_amaemon, uniq_josephine,
          uniq_grum
D:11:     layout_roguey, minmay_lair_entry_grove
D:12:     layout_roguey, serial_glass, glass_columns_a, glass_columns_c,
          chequers_serial_rivers_micro_d, minivault_16, lightli_wizard_tower
D:13:     minmay_ornate_pinched, layout_basic
D:14:     layout_stronghold, david_vaults_4, minmay_misc_feat_diagonals,
          uniq_kirke
D:15:     gammafunk_depths_entry_grave, layout_basic, dk_noncrumbling_4,
          argonaut_gorgonesque, uniq_agnes
Temple:   nicolae_temple_great_sept
Lair:1:   wander_river, layout_misc_corridors
Lair:2:   layout_layer_cave, elwin_shoals_entry_stream, grunt_megastairs_5
Lair:3:   layout_long_grid, nicolae_snake_entry_warm_welcome,
          portal_ice_cave_demonic_guard, uniq_prince_ribbit2
Lair:4:   layout_cave_pods, gauntlet_entry_generic, serial_bayou_shore_a,
          lemuel_fruit_tree
Lair:5:   evilmike_catoblepas_cave, layout_regular_city, slime_entry_1
Shoals:1: layout_shoals, hangedman_shoals_cup_caves
Shoals:2: layout_shoals, nicolae_shoals_undead_eyrie, uniq_polyphemus,
          uniq_ilsuiw, uniq_frances
Shoals:3: layout_shoals, nicolae_shoals_loop_pool
Shoals:4: shoals_end_simple, layout_shoals, nicolae_shoals_lost_giant_temple,
          nicolae_shoals_stone_sculpture_thing
Snake:1:  layout_onion_interference
Snake:2:  layout_grid_maze, special_room, uniq_azrael, uniq_saint_roka,
          uniq_aizul
Snake:3:  layout_onion_interference, nicolae_snake_gridmaze_spiral,
          serial_bayou_crossing
Snake:4:  snake_pit, layout_cave_shapes
Slime:1:  layout_caves
Slime:2:  layout_caves
Slime:3:  layout_caves, basic_altar
Slime:4:  cheibrodos_slime_lost_civilization_10, layout_caves
Slime:5
Orc:1:    layout_caves, serial_shops
Orc:2:    st_orc_ogre_mass, layout_diamond_mine, kennysheep_orc_sif_temple
Elf:1:    minmay_elf_arrival_circle, layout_geoelf_octagon,
          minmay_elf_crystal_hexagon, dreamdust_deal_with_the_devil
Elf:2:    elven_hall_of_blades_hangedman_alternative
          [nicolae_blade_entry_splitting_headache], layout_geoelf_diagonals,
          minmay_shop_star, uniq_louise
Elf:3:    elf_hall, layout_geoelf_diagonals, serial_shops, nicolae_square_shop,
          grunt_megastairs_3
Vaults:1: vaults_room_stairs_pillars, nicolae_vaults_spaceships,
          vaults_room_grunt_arrival_ludios, hangedman_vaults_trim,
          nicolae_vaults_diagonal_hallway_7, grunt_vaults_twisty,
          nicolae_vaults_surprise_closet, v_pattern_1,
          nicolae_vaults_little_squares_1, nicolae_vaults_rhombus_5,
          vaults_room_stairs_pillars, hangedman_vaults_stretched_pinwheel,
          ontoclasm_vaults_ring_square, layout_vaults_ring, serial_shops, shop
Vaults:2: v_misc_3, v_pattern_3, nicolae_vaults_diamond_1, grunt_vaults_bifocal,
          minmay_crypt_entry_necro_gods, ontoclasm_vaults_chip,
          ontoclasm_vaults_fault, vaults_mumra_hexcomb, v_misc_25,
          layout_vaults_big_room, serial_shops, shop
Vaults:3: nicolae_vaults_surprise_closet, vaults_room_boxed, st_hourglassy,
          v_misc_4, v_misc_14, nicolae_vaults_circle_grid_b, v_misc_17,
          vaults_mumra_hex, nicolae_vaults_trapezoid_3, ontoclasm_vaults_eye,
          vaults_room_corners, vaults_room_stairs_pillars,
          nicolae_vaults_trapezoid_lopsided_1, layout_vaults_omnicross,
          uniq_xtahua
Vaults:4: ebering_ghost_disaster_area, nicolae_vaults_house_1, v_misc_9,
          hangedman_vaults_slice, vaults_mumra_lcd, vaults_room_semicircle,
          hangedman_vaults_stretched_pinwheel, vaults_dpeg_encased_lava,
          nicolae_vaults_double_plus_1, layout_vaults_omnigrid, uniq_mara,
          uniq_zenata
Vaults:5
Depths:1: layout_long_grid, enter_ziggurat_d, pan_entry, hell_entry,
          lemuel_crystal_altar, fedhas_altar_fruit_tree
Depths:2: minmay_containers, layout_honeycomb, rand_demon_pan_entry_8,
          grunt_hell_entry_dis_mu, corexii_mini_fake_secret_closet
Depths:3: minmay_concentric_multi, layout_basic, infiniplex_staircase_spiral,
          abyss_entry_crystal, pf_hell_entry_tar_river, uniq_grunn, uniq_margery
Depths:4: grunt_profane_halls [grunt_profane_temple_geh,
          grunt_profane_temple_tar, grunt_profane_temple_dis,
          grunt_profane_temple_coc, grunt_zot_portal], hell_entry, abyss_entry,
          pan_entry
Hell
Dis:1:    layout_regular_city
Dis:2:    layout_subdivisions, nicolae_dis_emergency_hatch
Dis:3:    layout_regular_city
Geh:1:    layout_gehenna_pools_basic
Geh:2:    layout_gehenna_pools_triple, nicolae_geh_lava_lounge
Geh:3:    layout_gehenna_pools_triple
Geh:4:    layout_gehenna_pools_triple
Geh:5:    layout_gehenna_lava_caves, lemuel_hellish_altar
Geh:6:    layout_gehenna_pools_box
Geh:7:    evilmike_geh
Coc:1:    layout_cocytus_water_paths
Coc:2:    layout_cocytus_water_paths
Coc:3:    layout_ice_bergs
Coc:4:    layout_ice_bergs
Coc:5:    layout_ice_bergs
Coc:6:    layout_cocytus_water_paths
Coc:7:    coc_grunt_cove [coc_grunt_cove_antaeus, coc_grunt_cove_fiend,
          coc_grunt_cove_fiend, coc_grunt_cove_fiend, coc_grunt_cove_fiend]
Zot:1:    layout_cathedral_of_symmetry, gammafunk_ghost_crypt
Zot:2:    layout_misc_corridors, hangedman_player_shredder
Zot:3:    layout_misc_corridors, grunt_megastairs_4
Zot:4:    layout_gridlike
Zot:5:    layout_gridville

Skill      XL: |  1  2  3  4  5  6  7  8  9 10 11 12 13 14 15 16 17 18 19 20 21 22 23 24 25 26 27 |
---------------+----------------------------------------------------------------------------------+-----
Fighting       | 1 2 3 4 5 6 7 8 10 12 13 14 15 18 | 18.0
Conjurations   | 2 3 4 6 8 10 12 14 15 16 18 19 20 23 25 26 | 26.0
Air Magic      | 5 6 7 8 10 11 12 14 15 16 18 19 20 21 22 24 26 27 | 27.0
Armour         | 2 3 4 5 6 8 9 10 11 12 13 14 15 | 15.0
Throwing       | 1 2 |  2.0
Evocations     | 1 2 4 5 6 7 10 | 10.0
Dodging        | 3 4 6 8 9 12 14 15 16 18 19 20 25 | 25.0
Stealth        | 3 5 6 8 9 |  9.0
Spellcasting   | 3 4 6 7 8 10 11 12 13 15 17 18 | 18.0
Shields        | 3 9 10 11 12 13 | 13.1
Staves         | 2 6 |  6.0
Fire Magic     | 5 |  5.0
Necromancy     | 7 15 | 15.0
Transmutations | 5 12 | 12.0

Action                     |  1- 3 |  4- 6 |  7- 9 | 10-12 | 13-15 | 16-18 | 19-21 | 22-24 | 25-27 || total
---------------------------+-------+-------+-------+-------+-------+-------+-------+-------+-------++-------
  Melee: Club              |    24 |       |       |       |       |       |       |       |       ||    24
         Kick              |     9 |    10 |    19 |    98 |    84 |   197 |   337 |   398 |   544 ||  1696
         Peck              |     3 |     4 |    12 |    56 |    61 |   129 |   241 |   235 |   360 ||  1101
         Unarmed           |     1 |       |       |       |       |       |       |       |       ||     1
         Spear             |    10 |     1 |       |       |       |       |       |       |       ||    11
         Dagger            |       |    19 |     5 |       |       |       |       |       |       ||    24
         Quarterstaff      |       |    18 |    77 |    32 |     5 |       |       |       |       ||   132
         Punch             |       |     1 |       |     2 |     5 |       |       |       |       ||     8
         Short sword       |       |       |       |   198 |   107 |     3 |       |       |       ||   308
         Scimitar          |       |       |       |       |    86 |   103 |       |       |       ||   189
         Staff             |       |       |       |       |       |   196 |   416 |   400 |   517 ||  1529
  Throw: Dart              |       |     1 |     6 |     8 |     4 |       |     2 |     4 |       ||    25
         Throwing net      |       |       |       |       |       |       |       |     1 |       ||     1
   Cast: Shock             |    40 |    70 |   121 |   123 |    20 |    63 |    14 |    15 |    11 ||   477
         Static Discharge  |       |     3 |     8 |     6 |    66 |   125 |    18 |     7 |     2 ||   235
         Airstrike         |       |       |     6 |   124 |   314 |   705 |   313 |    87 |   187 ||  1736
         Swiftness         |       |       |       |     4 |     1 |     2 |     1 |     4 |     4 ||    16
         Plasma Beam       |       |       |       |       |       |    13 |    77 |    31 |    28 ||   149
         Mephitic Cloud    |       |       |       |       |       |       |    19 |    10 |     2 ||    31
         Arcjolt           |       |       |       |       |       |       |    72 |   128 |    17 ||   217
         Freezing Cloud    |       |       |       |       |       |       |    26 |    25 |    11 ||    62
         Orb of Destructio |       |       |       |       |       |       |       |   103 |   313 ||   416
         Maxwell's Capacit |       |       |       |       |       |       |       |    75 |   176 ||   251
         Chain Lightning   |       |       |       |       |       |       |       |       |   116 ||   116
         Summon Lightning  |       |       |       |       |       |       |       |       |    10 ||    10
 Invoke: Call Merchant     |       |       |       |       |       |     1 |     1 |     2 |     1 ||     5
         Potion Petition   |       |       |       |       |       |       |     1 |     5 |     8 ||    14
         Bribe Branch      |       |       |       |       |       |       |       |       |     1 ||     1
  Evoke: Wand              |       |       |     1 |     5 |    11 |     5 |     7 |    12 |    10 ||    51
         Box of beasts     |       |       |       |       |       |     2 |     2 |     2 |     1 ||     7
         Phial of floods   |       |       |       |       |       |     2 |       |       |       ||     2
         Phantom mirror    |       |       |       |       |       |     1 |     2 |     1 |     1 ||     5
         Condenser vane    |       |       |       |       |       |     1 |     1 |       |       ||     2
    Use: Scroll            |       |     4 |     3 |     3 |     7 |     5 |    11 |    13 |    29 ||    75
         Potion            |       |       |       |     2 |     5 |     2 |     4 |     1 |    10 ||    24
   Stab: Sleeping          |     3 |     4 |     1 |     1 |     2 |     4 |     6 |     3 |     1 ||    25
         Distracted        |       |       |       |     2 |       |     3 |     4 |     6 |    13 ||    28
         Invisible         |       |       |       |     1 |       |       |       |     5 |     4 ||    10
         Confused          |       |       |       |       |       |       |     7 |       |       ||     7
         Paralysed         |       |       |       |       |       |       |       |       |     2 ||     2
         Petrifying        |       |       |       |       |       |       |       |       |     1 ||     1
 Armour: Robe              |     9 |     3 |    28 |    68 |    51 |    66 |    25 |       |       ||   250
         Troll leather arm |       |       |       |       |       |       |    49 |    52 |   141 ||   242
  Dodge: Dodged            |    39 |    46 |   128 |   326 |   261 |   602 |   538 |   761 |   930 ||  3631
  Block: Kite shield       |       |       |       |       |   105 |   523 |   458 |   474 |   822 ||  2382
Riposte: Staff             |       |       |       |       |       |   142 |   214 |   264 |   437 ||  1057
